[Event "Titled Tuesday Blitz February 14 Early 2023"]
[White "Papp, Petra"]
[Black "Delorme, Alban"]
[WhiteFideId "739049"]
[BlackFideId "623636"]
[WhiteElo "2343"]
[BlackElo "2298"]
[Result "0-1"]
[Round "02"]
[TimeControl "180+2"]
[Date "2023.02.15"]
[WhiteClock "0:00:01"]
[BlackClock "0:00:10"]

1. e4 c5 2. Nf3 d6 3. d4 cxd4 4. Nxd4 Nf6 5. Nc3 a6 6. Bg5 e6 7. f4 Be7 8. Qf3 Qc7 9. O-O-O Nbd7 10. g4 h6 11. Bxf6 Bxf6 12. h4 Qb6 13. Nb3 Qc7 14. Rh3 g5 15. hxg5 hxg5 16. Rxh8+ Bxh8 17. e5 d5 18. Qh3 Bg7 19. Qh7 Kf8 20. Bd3 gxf4 21. g5 Nxe5 22. g6 Nxg6 23. Bxg6 fxg6 24. Qxg6 Qe5 25. Kb1 Qf5 26. Qg1 Bd7 27. Qc5+ Kf7 28. Qc7 e5 29. Nxd5 Rc8 30. Nd4 exd4 31. Qxf4 Qxf4 32. Nxf4 Bf5 33. Nd3 Bxd3 34. Rxd3 Re8 35. a4 Re1+ 36. Ka2 Re2 37. Rb3 Rxc2 38. Rxb7+ Kg6 39. Rb6+ Bf6 40. Rxa6 d3 41. Rd6 Rxb2+ 42. Ka3 d2 43. a5 Kf7 44. a6 Rb6 45. Rd7+ Ke6 46. Rxd2 Rxa6+ 47. Kb3 Rb6+ 48. Kc4 Be5 49. Re2 Rc6+ 50. Kb5 Rc1 51. Rg2 Kd5 52. Rg5 Rb1+ 53. Ka5 Kd6 54. Ka4 Kd5 55. Rh5 Kd4 56. Ka5 Bd6 57. Rb5 Bc7+ 58. Ka6 Rc1 59. Kb7 Be5 60. Rb3 Kd5 61. Rb5+ Ke6 62. Rb6+ Bd6 63. Rb2 Kd7 64. Kb6 Rc8 0-1


[Site "https://www.chess.com"]

[Event "Titled Tuesday Blitz February 14 Early 2023"]
[White "Ricaurte Lopez, Juan Carlos"]
[Black "Krstulovic, Alex"]
[WhiteFideId "3600327"]
[BlackFideId "760056"]
[WhiteElo "2226"]
[BlackElo "2428"]
[Result "0-1"]
[Round "02"]
[TimeControl "180+2"]
[Date "2023.02.15"]
[WhiteClock "0:00:17"]
[BlackClock "0:01:07"]

1. e4 e5 2. d4 Nf6 3. Nc3 exd4 4. Qxd4 Nc6 5. Qe3 Bb4 6. Bd2 O-O 7. O-O-O Re8 8. Bc4 Ne5 9. Bb3 Neg4 10. Qf3 d6 11. h3 Ne5 12. Qe3 c5 13. f4 Nc6 14. Re1 b5 15. Nxb5 Rxe4 16. Qf2 Qa5 17. Nxd6 Bxd2+ 18. Qxd2 Rxe1+ 19. Qd1 Rxd1+ 20. Kxd1 Bg4+ 21. Nf3 Bxf3+ 22. gxf3 Rd8 0-1


[Site "https://www.chess.com"]

[Event "Titled Tuesday Blitz February 14 Early 2023"]
[White "Baruch, Liam"]
[Black "Iljin, Timofey"]
[WhiteFideId "14322064"]
[BlackFideId "14110180"]
[WhiteElo "1718"]
[BlackElo "2329"]
[Result "1-0"]
[Round "02"]
[TimeControl "180+2"]
[Date "2023.02.15"]
[WhiteClock "0:00:26"]
[BlackClock "0:00:12"]

1. e4 e5 2. Nf3 Nc6 3. d4 exd4 4. Nxd4 Nf6 5. Nc3 Bc5 6. Be3 Bb6 7. f3 O-O 8. Qd2 d5 9. exd5 Nxd5 10. Nxd5 Qxd5 11. c3 Nxd4 12. Bxd4 Re8+ 13. Be2 c5 14. Bf2 Qxd2+ 15. Kxd2 Bf5 16. Rae1 Rad8+ 17. Kc1 Bc7 18. Bg3 Bxg3 19. hxg3 b6 20. Bc4 h6 21. Rxe8+ Rxe8 22. Kd2 Kf8 23. Re1 Rxe1 24. Kxe1 Ke7 25. Kf2 f6 26. Ke3 Kd6 27. Kf4 Bc8 28. Ke3 a6 29. g4 b5 30. Bd3 Be6 31. a3 c4 32. Be4 Kc5 33. Bb7 a5 34. Be4 b4 35. axb4+ axb4 36. Bc2 Bd7 37. Bf5 Bxf5 38. gxf5 bxc3 39. bxc3 Kd5 40. Kf4 h5 41. g3 Kd6 42. Ke4 Kc5 43. f4 Kc6 44. Kd4 Kd6 45. Kxc4 Kc6 46. Kd4 Kd6 47. c4 Kc6 48. c5 Kc7 49. Kd5 Kd7 50. c6+ Kc7 51. Ke6 Kxc6 52. Kf7 Kd5 53. Kxg7 Ke4 54. Kxf6 h4 55. gxh4 Kxf4 56. h5 Ke4 57. h6 Kf4 58. h7 Ke4 59. h8=Q Kf4 60. Qh4+ Ke3 61. Ke5 Kd2 62. Qg3 Kc2 63. Qe3 Kb1 64. Qe2 Ka1 65. Kd4 Kb1 66. Kc3 Kc1 67. Qc2# 1-0


[Site "https://www.chess.com"]

[Event "Titled Tuesday Blitz February 14 Early 2023"]
[White "Barrera Rincones, Josmar Joel"]
[Black "Tiarks, Jann-Christian"]
[WhiteFideId "3975487"]
[BlackFideId "12951595"]
[WhiteElo "1399"]
[BlackElo "2222"]
[Result "1-0"]
[Round "02"]
[TimeControl "180+2"]
[Date "2023.02.15"]
[WhiteClock "0:01:05"]
[BlackClock "0:00:58"]

1. d4 c5 2. dxc5 e6 3. Nf3 Bxc5 4. e3 Nf6 5. b3 d5 6. Bb2 O-O 7. Nbd2 b6 8. Be2 Ba6 9. O-O Bxe2 10. Qxe2 Nc6 11. e4 dxe4 12. Nxe4 Nxe4 13. Qxe4 Qc7 14. Ng5 g6 15. Qh4 h5 16. Ne4 Bd4 17. Bxd4 Nxd4 18. Nf6+ Kg7 19. Qxd4 e5 20. Qh4 Qd8 21. Nxh5+ gxh5 22. Qg3+ Kh6 23. Qxe5 Rg8 24. Rad1 Qh4 25. Rd6+ Rg6 26. g3 Qg4 27. Rd4 Qh3 28. Re1 Rc8 29. c4 Rc5 30. Qf4+ Kg7 31. Re7 Rf5 32. Qe3 Rgf6 33. Rh4 Qxh4 34. gxh4 Rg6+ 35. Kf1 a5 36. Re4 b5 37. Rf4 Rxf4 38. Qxf4 bxc4 39. Qxc4 1-0


[Site "https://www.chess.com"]

[Event "Titled Tuesday Blitz February 14 Early 2023"]
[White "Kejna, Piotr"]
[Black "Necula, Iulian"]
[WhiteFideId "21821704"]
[BlackFideId "1232380"]
[WhiteElo "2027"]
[BlackElo "1851"]
[Result "1-0"]
[Round "02"]
[TimeControl "180+2"]
[Date "2023.02.15"]
[WhiteClock "0:00:07"]
[BlackClock "0:00:19"]

1. e4 c5 2. Nf3 d6 3. d4 cxd4 4. Nxd4 Nf6 5. Nc3 g6 6. Be3 Nc6 7. f3 h5 8. Be2 Nxd4 9. Bxd4 Bh6 10. Bxf6 exf6 11. Qd4 O-O 12. Rd1 Bf4 13. Nd5 Be5 14. Qb4 a5 15. Qa3 Be6 16. O-O Bxd5 17. Rxd5 Qb6+ 18. Kh1 Qxb2 19. Qxb2 Bxb2 20. Rb1 Ba3 21. Rxb7 Rfb8 22. Rxa5 Rxb7 23. Rxa8+ Kg7 24. g3 Bc5 25. Kg2 Rb2 26. Bd3 g5 27. h3 Rb1 28. f4 g4 29. hxg4 hxg4 30. Be2 Rg1+ 31. Kh2 Rc1 32. Bxg4 Rxc2+ 33. Kh3 Rc3 34. Rc8 Ra3 35. Rc7 Rxa2 36. Be6 Ra1 37. Rxf7+ Kh6 38. Kg4 Kg6 39. Rd7 Ra8 40. Bf5+ Kh6 41. Rh7# 1-0


[Site "https://www.chess.com"]

[Event "Titled Tuesday Blitz February 14 Early 2023"]
[White "Heinemann, Josefine"]
[Black "Jesusesmifuerza"]
[WhiteFideId "12900460"]
[WhiteElo "2289"]
[BlackElo "2006"]
[Result "1-0"]
[Round "02"]
[TimeControl "180+2"]
[Date "2023.02.15"]
[WhiteClock "0:00:24"]
[BlackClock "0:00:04"]

1. e4 c5 2. Nf3 e6 3. d4 cxd4 4. Nxd4 Nf6 5. Nc3 Nc6 6. Nxc6 bxc6 7. e5 Nd5 8. Ne4 Qc7 9. f4 Qb6 10. c4 Bb4+ 11. Ke2 f5 12. Nf2 Ba6 13. Kf3 Ne7 14. Be3 Bc5 15. Bxc5 Qxc5 16. Qd6 Qb6 17. b3 c5 18. Rd1 Qxd6 19. Rxd6 Nc6 20. h4 Bb7 21. Kg3 Nd4 22. h5 Ke7 23. Nd3 Rac8 24. Nxc5 Rxc5 25. Rxd4 a5 26. Be2 Rhc8 27. Rhd1 R8c7 28. a3 Be4 29. b4 axb4 30. axb4 R5c6 31. c5 Bd5 32. Bf3 Bxf3 33. Kxf3 Ra6 34. R1d3 Ra2 35. g4 g6 36. hxg6 hxg6 37. gxf5 gxf5 38. Rd2 Ra3+ 39. R4d3 Ra4 40. Rb3 Rb7 41. Rdb2 Rb5 42. Ke3 Ra1 43. Kd3 Rc1 44. Rh2 Rf1 45. Rh4 Rf3+ 46. Kc4 Rxb3 47. Kxb3 Kd8 48. Kc4 Rb8 49. Rh8+ Kc7 50. Rxb8 Kxb8 51. b5 Kc7 52. Kb4 Kb7 53. Ka5 Ka7 54. c6 dxc6 55. bxc6 Ka8 56. Kb6 Kb8 57. Kb5 Kc7 58. Kc5 Kc8 59. Kd6 Kd8 60. Kxe6 Kc7 61. Kxf5 Kxc6 62. Kf6 1-0


[Site "https://www.chess.com"]

[Event "Titled Tuesday Blitz February 14 Early 2023"]
[White "Vargas, Mauricio"]
[Black "Lorenzo De La Riva, Lazaro"]
[WhiteFideId "4404572"]
[BlackFideId "2268809"]
[WhiteElo "2035"]
[BlackElo "2404"]
[Result "1-0"]
[Round "02"]
[TimeControl "180+2"]
[Date "2023.02.15"]
[WhiteClock "0:00:14"]
[BlackClock "0:00:20"]

1. e4 c5 2. Nc3 Nc6 3. f4 d5 4. Nf3 d4 5. Ne2 Bg4 6. Ng3 Nf6 7. Bb5 Qb6 8. Bxc6+ Qxc6 9. d3 O-O-O 10. O-O e6 11. e5 Nd5 12. Ne4 f5 13. exf6 gxf6 14. a3 Rg8 15. Bd2 Bh6 16. Qe1 Qc7 17. Rb1 Bxf4 18. Bxf4 Nxf4 19. Nxf6 Bxf3 20. Nxg8 Rxg8 21. Rxf3 Rxg2+ 22. Kh1 Re2 23. Qh4 e5 24. Qg4+ Qd7 25. Rxf4 1-0


[Site "https://www.chess.com"]

[Event "Titled Tuesday Blitz February 14 Early 2023"]
[White "Mohammadian, Mohammad"]
[Black "Miszler, Levente"]
[WhiteFideId "12566055"]
[BlackFideId "763276"]
[WhiteElo "1398"]
[BlackElo "2271"]
[Result "0-1"]
[Round "02"]
[TimeControl "180+2"]
[Date "2023.02.15"]
[WhiteClock "0:00:03"]
[BlackClock "0:00:37"]

1. e4 c6 2. d4 d5 3. Nd2 g6 4. e5 Bg7 5. Bd3 f6 6. exf6 Nxf6 7. Ngf3 O-O 8. Nb3 Bg4 9. Be3 Nbd7 10. O-O e5 11. dxe5 Nxe5 12. Be2 Nxf3+ 13. Bxf3 Bxf3 14. Qxf3 Ne4 15. Qe2 Bxb2 16. Rab1 Nc3 17. Qg4 Nxb1 18. Rxb1 Bg7 19. Rd1 Qc8 20. Qe2 Qf5 21. Nd4 Qf7 22. f3 Rae8 23. Qd3 c5 24. Nb5 d4 25. Bf2 Qd5 26. c4 Qf5 27. Qb3 Re6 28. Nc7 Rb6 29. Qa4 Rb1 30. Nd5 Qd3 31. Re1 Rxe1+ 32. Bxe1 Qb1 33. Kf1 Qd3+ 34. Kf2 Bh6 35. Qd7 Bg7 36. Ne7+ Kh8 37. Nd5 Qxc4 38. Qe6 Qxa2+ 39. Kf1 d3 40. Qe7 d2 0-1


[Site "https://www.chess.com"]

[Event "Titled Tuesday Blitz February 14 Early 2023"]
[White "Rustemov, Alexander"]
[Black "Nakamura, Hikaru"]
[WhiteFideId "4119002"]
[BlackFideId "2016192"]
[WhiteElo "2525"]
[BlackElo "2775"]
[Result "0-1"]
[Round "03"]
[TimeControl "180+2"]
[Date "2023.02.15"]
[WhiteClock "0:00:07"]
[BlackClock "0:00:14"]

1. d4 d6 2. e4 f5 3. exf5 Bxf5 4. Bd3 Qd7 5. Nf3 Nf6 6. O-O Nc6 7. Re1 Bg4 8. h3 Bh5 9. Be2 O-O-O 10. d5 Bxf3 11. Bxf3 Ne5 12. Nc3 g5 13. Ne4 h6 14. b3 Bg7 15. Bb2 Nxe4 16. Bxe4 Rdf8 17. Rb1 h5 18. c4 g4 19. h4 Rf4 20. Qc2 Rhf8 21. Re2 g3 22. fxg3 R4f7 23. Bg6 Rf6 24. Bxe5 dxe5 25. Bxh5 Qd6 26. Qe4 Kb8 27. Kh2 Qc5 28. Rbe1 Rf1 29. Rxf1 Rxf1 30. Bf3 a5 31. Kh3 Rh1+ 32. Kg4 Qd6 33. Qf5 Bf6 34. Qe6 Qd8 35. Qf7 Qd7+ 36. Qe6 Qe8 37. Rxe5 Bxe5 38. Qxe5 Qg8+ 39. Qg5 Qh7 40. Qf5 Qg7+ 41. Qg5 Qh7 42. Qf5 Qh8 43. h5 Re1 44. Kg5 Re5 45. g4 Qf6+ 46. Kf4 Rxf5+ 47. gxf5 Qh6+ 48. Kg4 Kc8 49. g3 Kd8 0-1


[Site "https://www.chess.com"]

[Event "Titled Tuesday Blitz February 14 Early 2023"]
[White "Nihal Sarin"]
[Black "Acor, Corey"]
[WhiteFideId "25092340"]
[BlackFideId "2024861"]
[WhiteElo "2673"]
[BlackElo "2216"]
[Result "1-0"]
[Round "03"]
[TimeControl "180+2"]
[Date "2023.02.15"]
[WhiteClock "0:00:04"]
[BlackClock "0:00:05"]

1. e4 e5 2. Nf3 Nc6 3. Bb5 Nge7 4. Nc3 d6 5. d4 Bd7 6. O-O Ng6 7. dxe5 dxe5 8. Nd5 Bc5 9. c3 a6 10. Bc4 O-O 11. b4 Bd6 12. Bg5 Qc8 13. Bb3 h6 14. Be3 Be6 15. Qd2 Kh7 16. c4 Bxd5 17. exd5 Bxb4 18. Qc2 Ne7 19. Nxe5 Nf5 20. Nxg6 fxg6 21. Bd2 Bc5 22. Qd3 Nd4 23. Be3 Qf5 24. Rad1 Qxd3 25. Rxd3 Ne2+ 26. Kh1 Nf4 27. Rdd1 Bxe3 28. fxe3 Nh5 29. e4 Nf6 30. e5 Ng4 31. e6 Nf2+ 32. Rxf2 Rxf2 33. c5 Re2 34. d6 cxd6 35. cxd6 Rd8 36. e7 Rxd6 37. Rc1 Rxe7 38. h4 b5 39. Kh2 h5 40. Rc8 Re5 41. Bg8+ Kh6 42. Bf7 g5 43. Rh8# 1-0


[Site "https://www.chess.com"]

[Event "Titled Tuesday Blitz February 14 Early 2023"]
[White "Sarana, Alexey"]
[Black "Orozbaev, Eldiar"]
[WhiteFideId "24133795"]
[BlackFideId "13802240"]
[WhiteElo "2685"]
[BlackElo "2235"]
[Result "1-0"]
[Round "03"]
[TimeControl "180+2"]
[Date "2023.02.15"]
[WhiteClock "0:00:13"]
[BlackClock "0:00:02"]

1. c4 b6 2. e4 Bb7 3. Nc3 e5 4. d3 Nc6 5. g3 Bc5 6. Bg2 Nf6 7. h3 h6 8. Nge2 O-O 9. g4 a6 10. Ng3 b5 11. g5 hxg5 12. Bxg5 Nd4 13. Nd5 Bxd5 14. exd5 Bb4+ 15. Kf1 Be7 16. h4 Nh7 17. Be3 f5 18. Bxd4 exd4 19. Qh5 Qe8 20. d6 Bxd6 21. Bxa8 Qxa8 22. Rg1 Bxg3 23. Rxg3 Qh1+ 24. Rg1 Qh3+ 25. Ke2 Nf6 26. Qg6 Rf7 27. Rae1 bxc4 28. Qg3 Qxg3 29. fxg3 cxd3+ 30. Kxd3 c5 31. Re5 Ne4 32. Rf1 Nxg3 33. Rf3 Ne4 34. Rfxf5 Nf2+ 35. Ke2 Ng4 36. Re8+ 1-0


[Site "https://www.chess.com"]

[Event "Titled Tuesday Blitz February 14 Early 2023"]
[White "Galchenko, Matvey"]
[Black "Bluebaum, Matthias"]
[WhiteFideId "24175480"]
[BlackFideId "24651516"]
[WhiteElo "2438"]
[BlackElo "2669"]
[Result "1-0"]
[Round "03"]
[TimeControl "180+2"]
[Date "2023.02.15"]
[WhiteClock "0:00:07"]
[BlackClock "0:00:10"]

1. e4 e6 2. d4 d5 3. exd5 exd5 4. Nf3 Nc6 5. Bb5 a6 6. Ba4 b5 7. Bb3 Be6 8. O-O Be7 9. Bf4 Nf6 10. c3 h6 11. Re1 O-O 12. h3 Bd6 13. Ne5 Bxe5 14. dxe5 Ne4 15. Qh5 f5 16. Nd2 Nxd2 17. Bxd2 Qe8 18. Qf3 Rd8 19. Qf4 d4 20. Rad1 Bxb3 21. axb3 Qe6 22. Bc1 dxc3 23. Rxd8 Rxd8 24. bxc3 Rd5 25. Bd2 Rxe5 26. Ra1 Qxb3 27. Rxa6 Qb1+ 28. Kh2 Re6 29. Be3 g5 30. Qxc7 Qe4 31. Qd7 Nd4 32. Bxd4 Qf4+ 33. g3 1-0


[Site "https://www.chess.com"]

[Event "Titled Tuesday Blitz February 14 Early 2023"]
[White "Pakleza, Zbigniew"]
[Black "Pranav, V"]
[WhiteFideId "1119290"]
[BlackFideId "25060783"]
[WhiteElo "2494"]
[BlackElo "2597"]
[Result "1/2-1/2"]
[Round "03"]
[TimeControl "180+2"]
[Date "2023.02.15"]
[WhiteClock "0:00:08"]
[BlackClock "0:00:03"]

1. d4 Nf6 2. Nf3 e6 3. Bf4 b6 4. e3 Bb7 5. Nbd2 Be7 6. h3 O-O 7. Bd3 d6 8. O-O Nbd7 9. Qe2 Re8 10. Bh2 Bf8 11. e4 e5 12. d5 Nc5 13. Bb5 Ncd7 14. b4 a6 15. Bd3 g6 16. c4 Nh5 17. g3 Bh6 18. Rfd1 Rf8 19. Nb3 Bc8 20. Kg2 Re8 21. Qc2 a5 22. bxa5 bxa5 23. a4 Qe7 24. Bf1 Rf8 25. c5 f5 26. cxd6 cxd6 27. Bd3 Ba6 28. Bxa6 Rxa6 29. exf5 gxf5 30. Qe2 Raa8 31. Nfd4 Qf7 32. Nb5 Qg6 33. Kh1 Ng7 34. Ra2 Kh8 35. Rc2 f4 36. Rc7 Nf6 37. gxf4 Bxf4 38. Bxf4 exf4 39. Rg1 Qh6 40. Rgxg7 Qxh3+ 41. Kg1 Rae8 42. Rce7 Qxb3 43. Nxd6 Rxe7 44. Qxe7 Qd1+ 45. Kh2 Qh5+ 46. Kg1 Qd1+ 47. Kh2 Qh5+ 48. Kg1 Qd1+ 1/2-1/2


[Site "https://www.chess.com"]

[Event "Titled Tuesday Blitz February 14 Early 2023"]
[White "Hakobyan, Aram"]
[Black "Postny, Evgeny"]
[WhiteFideId "13306677"]
[BlackFideId "2804344"]
[WhiteElo "2608"]
[BlackElo "2549"]
[Result "0-1"]
[Round "03"]
[TimeControl "180+2"]
[Date "2023.02.15"]
[WhiteClock "0:00:05"]
[BlackClock "0:00:08"]

1. Nf3 d5 2. g3 c6 3. Bg2 Bg4 4. h3 Bxf3 5. Bxf3 Nf6 6. d4 Nbd7 7. O-O e5 8. dxe5 Nxe5 9. Bg2 Bc5 10. Nd2 O-O 11. Nb3 Bb6 12. c3 Re8 13. Nd4 Nc4 14. b3 Nd6 15. a4 a5 16. Qc2 Nde4 17. Bb2 h5 18. Rad1 h4 19. g4 Bc7 20. e3 Qd6 21. f4 Ng3 22. Rfe1 Nfe4 23. c4 g5 24. cxd5 gxf4 25. dxc6 fxe3 26. Nf5 Qf4 27. Bxe4 e2 28. Rxe2 Nxe2+ 29. Qxe2 Rxe4 30. cxb7 Rae8 31. Qf2 Qxf2+ 32. Kxf2 Re2+ 33. Kf3 Rxb2 34. Rd7 Rxb3+ 35. Kg2 Rxb7 36. Nh6+ Kg7 37. Nxf7 Rb2+ 38. Kf3 Rf8 0-1


[Site "https://www.chess.com"]

[Event "Titled Tuesday Blitz February 14 Early 2023"]
[White "Murzin, Volodar"]
[Black "Daneshvar, Bardiya"]
[WhiteFideId "44155573"]
[BlackFideId "12576468"]
[WhiteElo "2604"]
[BlackElo "2540"]
[Result "1-0"]
[Round "03"]
[TimeControl "180+2"]
[Date "2023.02.15"]
[WhiteClock "0:00:08"]
[BlackClock "0:00:54"]

1. e4 c6 2. d4 d5 3. exd5 cxd5 4. Bd3 Nf6 5. c3 Nc6 6. Bf4 g6 7. Nd2 Bg7 8. Ngf3 O-O 9. O-O Bf5 10. Bxf5 gxf5 11. Ne1 Ne4 12. Nd3 e6 13. f3 Nd6 14. Kh1 Kh8 15. Qe1 Rg8 16. Qf2 Bf6 17. Rae1 Rg6 18. Rg1 h5 19. Be5 Kh7 20. Nf1 Nc4 21. Bf4 Bh4 22. g3 Bf6 23. Ne3 b5 24. g4 Nxe3 25. Rxe3 hxg4 26. fxg4 fxg4 27. Qe2 Ne7 28. Rxg4 Kg7 29. Ne5 Qh8 30. Reg3 Rxg4 31. Qxg4+ Kf8 32. Rh3 Bxe5 33. Bxe5 Qg8 34. Rh8 1-0


[Site "https://www.chess.com"]

[Event "Titled Tuesday Blitz February 14 Early 2023"]
[White "Bortnyk, Olexandr"]
[Black "Seo, Jung Min"]
[WhiteFideId "14120828"]
[BlackFideId "1734687"]
[WhiteElo "2605"]
[BlackElo "2494"]
[Result "0-1"]
[Round "03"]
[TimeControl "180+2"]
[Date "2023.02.15"]
[WhiteClock "0:00:01"]
[BlackClock "0:00:04"]

1. d4 Nf6 2. Nc3 d5 3. Bf4 c5 4. e4 Nxe4 5. Nxe4 dxe4 6. dxc5 Qa5+ 7. c3 Qxc5 8. Qa4+ Nc6 9. Qxe4 g6 10. Nf3 Bg7 11. Rd1 O-O 12. Be3 Qf5 13. Qa4 Be6 14. Be2 Rad8 15. O-O a6 16. h3 h6 17. Bb6 Rxd1 18. Rxd1 g5 19. Bd3 Qf6 20. Be4 Bf5 21. Bxc6 Qxc6 22. Qxc6 bxc6 23. Rd2 Rb8 24. Bc5 Bf6 25. a4 Kf8 26. a5 Ke8 27. Bb6 Be4 28. Nd4 Bxd4 29. Rxd4 Bd5 30. f4 f6 31. c4 Be6 32. b4 Kf7 33. Kf2 gxf4 34. Rxf4 Rb7 35. Rh4 Kg6 36. Ke2 Rd7 37. Bc5 h5 38. Re4 Kf7 39. Rf4 Rd8 40. b5 axb5 41. cxb5 cxb5 42. a6 Rg8 43. Kf2 Bd5 44. g3 e5 45. Rb4 Bc6 46. a7 Ke6 47. Rh4 Rh8 48. g4 Rd8 49. Rxh5 Rd2+ 50. Ke3 Rc2 51. Bb4 Rc4 52. Bf8 Ra4 53. Rh7 b4 54. Rc7 Bd5 55. Re7+ Kd6 56. Rb7+ Ke6 57. Re7+ Kd6 58. h4 b3 59. Kd2 Kc6 60. Kc3 Ra2 61. h5 b2 62. a8=Q+ Rxa8 63. Kxb2 Rxf8 64. h6 Rh8 65. h7 Kd6 66. Rg7 Be4 67. g5 fxg5 68. Rxg5 Rxh7 69. Kc3 Kd5 70. Kd2 Rh2+ 71. Ke3 Rh3+ 72. Kf2 Kd4 73. Rg8 Rh2+ 74. Kf1 Rg2 75. Ra8 Ke3 76. Ra3+ Kf4 77. Ra4 Rb2 78. Ra3 Bf3 79. Ke1 e4 80. Ra4 Kg3 81. Ra3 Re2+ 82. Kf1 Kf4 83. Rb3 Rd2 84. Ke1 Rd8 85. Kf2 e3+ 86. Rxe3 Rd2+ 87. Re2 Rxe2+ 0-1


[Site "https://www.chess.com"]

[Event "Titled Tuesday Blitz February 14 Early 2023"]
[White "Narayanan.S.L"]
[Black "Harsh Suresh"]
[WhiteFideId "5058422"]
[BlackFideId "45018464"]
[WhiteElo "2660"]
[BlackElo "2298"]
[Result "1-0"]
[Round "03"]
[TimeControl "180+2"]
[Date "2023.02.15"]
[WhiteClock "0:01:59"]
[BlackClock "0:00:01"]

1. b3 d5 2. Bb2 Bg4 3. f3 Bh5 4. Nh3 e6 5. Nf4 Bg6 6. e3 Bd6 7. Bxg7 e5 8. Nxg6 hxg6 9. Bxh8 Qh4+ 10. g3 Qxh8 11. Nc3 c6 12. Qe2 Nd7 13. O-O-O O-O-O 14. Kb1 f5 15. d4 Re8 16. Qd3 Ngf6 17. Bg2 Qh6 18. f4 e4 19. Qe2 Rh8 20. Na4 Qf8 21. c3 Rh7 22. h3 Qh8 23. g4 Kb8 24. Rdg1 Rh4 25. gxf5 gxf5 26. Bf1 Qh6 27. Rg5 Qh7 28. Rhg1 Bf8 29. Qg2 a6 30. Rg6 Qf7 31. Qg5 Rh5 32. Qg3 b5 33. Nb2 c5 34. Be2 Rh8 35. Qg5 Qe6 36. h4 b4 37. c4 cxd4 38. cxd5 Qf7 39. exd4 Nxd5 40. Bc4 N7f6 41. Rxf6 Qxf6 42. Bxd5 Qxd4 43. Qd8+ Ka7 44. Qa8+ Kb6 45. Qb7+ Kc5 46. Na4+ Kd6 47. Qc6+ Ke7 48. Qe6+ Kd8 49. Rc1 Bg7 50. Rc8# 1-0


[Site "https://www.chess.com"]

[Event "Titled Tuesday Blitz February 14 Early 2023"]
[White "Ozen, Bahadir"]
[Black "Lazavik, Denis"]
[WhiteFideId "6337058"]
[BlackFideId "13515110"]
[WhiteElo "2369"]
[BlackElo "2544"]
[Result "1-0"]
[Round "03"]
[TimeControl "180+2"]
[Date "2023.02.15"]
[WhiteClock "0:00:06"]
[BlackClock "0:00:04"]

1. d4 Nf6 2. c4 e6 3. Nf3 d5 4. Nc3 Be7 5. Bf4 O-O 6. e3 Nbd7 7. a3 c5 8. cxd5 Nxd5 9. Nxd5 exd5 10. dxc5 Nxc5 11. Be5 Bf5 12. Be2 Bf6 13. Bxf6 Qxf6 14. Qd4 Qd6 15. Qd1 Qb6 16. Nd4 Be4 17. f3 Bg6 18. Qd2 Rfe8 19. Kf2 Re7 20. Rhe1 Rae8 21. Bf1 Nd7 22. Rac1 Ne5 23. Rc3 h5 24. Kg1 h4 25. h3 a6 26. Qf2 Qf6 27. Rec1 Nc4 28. Bxc4 dxc4 29. e4 b5 30. R3c2 Rd7 31. Rd2 Red8 32. Rcd1 Bh7 33. Qe3 g5 34. Kf1 Bg6 35. Ke1 Kh7 36. Kf1 Qb6 37. Ke1 Kg8 38. Nf5 Qxe3+ 39. Nxe3 Rxd2 40. Rxd2 Rxd2 41. Kxd2 Kf8 42. Kc3 Ke7 43. Kd4 Kd6 44. a4 f6 45. axb5 axb5 46. Nd5 f5 47. e5+ Kd7 48. Nc3 b4 49. Na4 Bf7 50. Nb6+ Kc6 51. Nxc4 f4 52. Nd6 Bb3 53. Ne4 Ba4 54. Nxg5 Bb5 55. e6 Kd6 56. Ke4 Bf1 57. Kxf4 Bxg2 58. Kg4 Ke7 59. f4 Kf6 60. Kxh4 Bf1 61. Kg3 Be2 62. h4 Bh5 63. Kf2 Kf5 64. Ke3 Bg6 65. e7 Kf6 66. Ne4+ Kxe7 67. Kd4 Ke6 68. Ng3 b3 69. f5+ Bxf5 70. Nxf5 Kxf5 71. Kc3 1-0


[Site "https://www.chess.com"]

[Event "Titled Tuesday Blitz February 14 Early 2023"]
[White "Tsydypov, Zhamsaran"]
[Black "Bashirli, Nail"]
[WhiteFideId "4108566"]
[BlackFideId "13406809"]
[WhiteElo "2518"]
[BlackElo "2326"]
[Result "1-0"]
[Round "03"]
[TimeControl "180+2"]
[Date "2023.02.15"]
[WhiteClock "0:01:17"]
[BlackClock "0:00:03"]

1. d4 Nf6 2. c4 e6 3. Nf3 Bb4+ 4. Bd2 Qe7 5. g3 O-O 6. Bg2 Bxd2+ 7. Nbxd2 d6 8. O-O e5 9. e3 c6 10. b4 e4 11. Ne1 d5 12. Nc2 a5 13. b5 cxb5 14. cxb5 Nbd7 15. f3 exf3 16. Nxf3 Nb6 17. Ne5 Be6 18. Ne1 Nfd7 19. N5d3 Nc4 20. Nc2 Rac8 21. Nf4 Nf6 22. a4 Ng4 23. Qe2 Nf6 24. h3 Rfe8 25. g4 Qd6 26. Rf2 Bd7 27. Nd3 Ne4 28. Bxe4 Rxe4 29. Nc5 Re7 30. Qf3 b6 31. Nd3 Rce8 32. Re1 f6 33. Nf4 Re4 34. h4 Be6 35. g5 Bf7 36. gxf6 Qxf6 37. Qg3 Qe7 38. Rg2 g6 39. h5 Qf6 40. hxg6 hxg6 41. Rf2 Qg7 42. Rg2 Nd6 43. Nh5 Qh8 44. Qg5 Nf5 45. Qxf5 Rh4 46. Rxg6+ Kf8 47. Rf1 Re7 48. Qc8+ Re8 49. Rxf7+ Kxf7 50. Qf5+ Ke7 51. Qe6+ Kd8 52. Qd6+ Kc8 53. Qc6+ Kd8 54. Qxb6+ Ke7 55. Qe6+ Kd8 56. Qxd5+ Ke7 57. Re6+ Kf8 58. Qf5+ 1-0


[Site "https://www.chess.com"]

[Event "Titled Tuesday Blitz February 14 Early 2023"]
[White "Beerdsen, Thomas"]
[Black "Kollars, Dmitrij"]
[WhiteFideId "1030108"]
[BlackFideId "12909572"]
[WhiteElo "2507"]
[BlackElo "2607"]
[Result "1-0"]
[Round "03"]
[TimeControl "180+2"]
[Date "2023.02.15"]
[WhiteClock "0:01:31"]
[BlackClock "0:00:01"]

1. e4 e5 2. Bc4 Nf6 3. d3 c6 4. Nf3 d5 5. Bb3 a5 6. a3 a4 7. Ba2 Bd6 8. O-O O-O 9. exd5 cxd5 10. Bg5 Be6 11. Nc3 Ra5 12. Re1 Nc6 13. Qd2 Re8 14. h3 h6 15. Bh4 Bc7 16. Re2 Kh8 17. Rae1 d4 18. Ne4 Nxe4 19. Rxe4 Qd7 20. Bf6 Kg8 21. Rh4 Bd8 22. Bxg7 f5 23. Qxh6 Qxg7 24. Bxe6+ Kf8 25. Qh8+ Qxh8 26. Rxh8+ Ke7 27. Rxe8+ Kxe8 28. Bxf5 Bc7 29. Be4 Rb5 30. Bxc6+ bxc6 31. Nxd4 Rxb2 32. Nxc6 Rxc2 33. Nxe5 Rc3 34. Re4 Kf8 35. Nd7+ Kf7 36. Rc4 Rxc4 37. dxc4 Bd6 38. Nb6 Bxa3 39. Nxa4 1-0


[Site "https://www.chess.com"]

[Event "Titled Tuesday Blitz February 14 Early 2023"]
[White "Van Foreest, Jorden"]
[Black "EREBUNI91"]
[WhiteFideId "1039784"]
[WhiteElo "2689"]
[BlackElo "2719"]
[Result "1-0"]
[Round "03"]
[TimeControl "180+2"]
[Date "2023.02.15"]
[WhiteClock "0:01:16"]
[BlackClock "0:00:11"]

1. e4 c6 2. Nf3 d5 3. d3 Qc7 4. Nc3 dxe4 5. Nxe4 Nf6 6. Qe2 Nxe4 7. Qxe4 Nd7 8. Bf4 Qb6 9. O-O-O Nf6 10. Qe1 g6 11. d4 Bg7 12. Ne5 O-O 13. Bc4 Nd5 14. Bg3 Be6 15. h4 Nc7 16. Bxe6 Nxe6 17. Nd7 Qa6 18. Nxf8 Nxd4 19. Kb1 Rxf8 20. Be5 Ne6 21. Bxg7 Kxg7 22. Qe5+ Kg8 23. h5 g5 24. h6 Qc4 25. Rd7 Re8 26. Rhd1 f6 27. Qf5 Nf8 28. Rxb7 Qh4 29. Rxa7 Qxh6 30. a4 Qh5 31. g4 Qf7 32. b3 Ng6 33. a5 Ne5 34. a6 Rb8 35. Rb7 Ra8 36. a7 Qe8 37. Qe6+ Kf8 38. Rh1 Nf7 39. Rxh7 1-0


[Site "https://www.chess.com"]